 Dungeon Crawl Stone Soup version 0.30-a0-605-gb2882149bf (webtiles) character file.

Game seed: 3420572237209882770

82 spardeous the Ducker (level 4, 18/18 HPs)
             Began as a Felid Earth Elementalist on Jan 7, 2023.
             Got out of the dungeon alive.
             The game lasted 00:02:44 (1941 turns).

spardeous the Ducker (Felid Earth Elementalist)     Turns: 1941, Time: 00:02:45

Health: 18/18      AC:  1    Str:  4    XL:     4   Next: 21%
Magic:  8/8        EV: 19    Int: 19    God:
Gold:   112        SH:  0    Dex: 16    Spells: 6/7 levels left
                                        Lives:  0   Deaths: 1

rFire   + . .      SeeInvis +    (weapon unavailable)
rCold   . . .      Faith    .    (shield unavailable)
rNeg    . . .      Spirit   .    (body armour unavailable)
rPois   .          Reflect  .    (helmet unavailable)
rElec   .          Harm     .    (cloak unavailable)
rCorr   .          Rampage  .    (gloves unavailable)
Will    .....                    (boots unavailable)
Stlth   ++                       (no amulet)
HPRegen 0.23/turn                j - ring of protection from fire
MPRegen 0.11/turn                (no ring)

@: quick
A: very small, claws 1, fangs 3, see invisible, speed 1, shaggy fur 1, stealthy
paws, no weapons or thrown items, no armour, multi-lived
a: no special abilities


You escaped.
You visited 1 branch of the dungeon, and saw 4 of its levels.

You collected 112 gold pieces.

Inventory:

Jewellery
 i - an amulet of faith
 j - a ring of protection from fire (left paw)
Scrolls
 c - a scroll of identify {unknown}
 g - a scroll of poison {unknown}
 h - a scroll of amnesia {unknown}
Potions
 a - a potion of magic
 b - 4 potions of curing {unknown}
 d - a potion of might {unknown}
 e - a potion of degeneration {unknown}
 f - a potion of brilliance {unknown}


   Skills:
 + Level 5.4 Dodging
 - Level 2.6 Stealth
 - Level 2.0 Spellcasting
 - Level 1.1 Transmutations
 + Level 4.2 Earth Magic


You had 6 spell levels left.
You knew the following spells:

 Your Spells              Type           Power      Damage    Failure   Level
a - Sandblast             Erth           36%        2d10      3%          1

Your spell library contained the following spells:

 Spells                   Type           Power      Damage    Failure   Level
 Passwall                 Tmut/Erth      10%        N/A       9%          2
 Stone Arrow              Conj/Erth      20%        3d8       22%         3
 Petrify                  Tmut/Erth      12%        N/A       50%         4


Dungeon Overview and Level Annotations

Branches:
Dungeon (4/15)
 Temple: D:4-7

Altars:
Kikubaaqudgha

Annotations:
D:4 Eustachio


Innate Abilities, Weirdness & Mutations

You have sharp claws.
You have razor-sharp teeth.
You have supernaturally acute eyesight. (SInv)
You cover ground quickly. (Speed+)
You are covered in fur. (AC +1)
Your paws help you pounce on unaware monsters.
You are incapable of wielding weapons or throwing items.
You cannot wear armour.
You gain extra lives every three experience levels.


Message History

(D) Dungeon
Where to? (Enter - D:3, ? - help)
An endoplasm is nearby!
(D) Dungeon
Where to? (Enter - D:3, ? - help)
An endoplasm is nearby!
Casting: Sandblast (safe; 3% risk of failure)
Confirm with . or Enter, or press ? or * to list all spells.
Aiming: Sandblast (safe; 3% risk of failure)
Press: ? - help, Shift-Dir - straight line, f - endoplasm
Aim: an endoplasm (98% to hit)
The blast of sand hits the endoplasm.
You kill the endoplasm!
(D) Dungeon
Where to? (Enter - D:3, ? - help) Magic restored.
There is an open door here.
There is a stone staircase leading up here.
You climb upwards.
There is a stone staircase leading down here.
(D) Dungeon
Where to? (Enter - D:3, ? - help)
Things that are here:
a +0 scale mail; a boomerang; a +0 club
There is a stone staircase leading up here.
You climb upwards.
There is a stone staircase leading down here.
(D) Dungeon
Where to? (Enter - D:2, ? - help)
There is a stone staircase leading up here.
You climb upwards.
There is a stone staircase leading down here.
(D) Dungeon
Where to? (Enter - D:1, ? - help)
Okay, then.
You see here a +0 short sword.
You see here a +0 dagger.
There is a staircase leading out of the dungeon here.
Are you sure you want to leave the Dungeon?
This will make you lose the game!
You have escaped!

#.##...# #.##....
#....#.# ######.# ..###
#.. #.....### #......
##### #.##...
####8@8#### ####
#.........## #
#8.........8# #
#...8...8...# ###+#####
#8.........8# #.......#
##.........####.......#
......................#
####.##########.......#
#. #)......#


There were no monsters in sight!

Vanquished Creatures
  A black bear (D:4)
  An iguana (D:4)
  2 adders
  A worm (D:4)
  2 orcs
  4 ball pythons
  3 endoplasms
  2 goblins (D:1)
  3 hobgoblins
  3 kobolds
  2 bats (D:1)
  A frilled lizard (D:3)
  A rat (D:1)
26 creatures vanquished.

Vanquished Creatures (others)
  A withered plant (D:3)
1 creature vanquished.

Grand Total: 27 creatures vanquished

Notes
Turn   | Place    | Note
-------+----------+-------------------------------------------
     0 | D:1      | spardeous the Felid Earth Elementalist began the quest for
                  | the Orb.
     0 | D:1      | Reached XP level 1. HP: 7/7 MP: 4/4
    74 | D:1      | Reached skill level 3 in Dodging
   368 | D:1      | Reached XP level 2. HP: 3/11 MP: 4/6
   445 | D:3      | Found an ancient bone altar of Kikubaaqudgha.
   881 | D:4      | Reached XP level 3. HP: 14/14 MP: 5/7
   999 | D:4      | Reached skill level 4 in Dodging
  1313 | D:4      | Noticed a black bear
  1337 | D:4      | Killed a black bear
  1338 | D:4      | Reached skill level 5 in Dodging
  1338 | D:4      | Reached XP level 4. HP: 13/18 MP: 3/8
  1338 | D:4      | Reached XP level 5. HP: 15/21 MP: 3/9
  1615 | D:4      | Noticed Eustachio
  1669 | D:4      | Mangled by Eustachio
  1670 | D:4      | Reached XP level 4. HP: -8/18 MP: 2/8
  1941 | D:$      | Got out of the dungeon alive.

Illustrated notes

Levels and vault maps discovered:
D:1:      mrwooster_arrival_statue_2, layout_basic, serial_shops,
          nicolae_shop_stone, nicolae_diamond_shop, nicolae_shop_stone
D:2:      layout_loops_ring, kennysheep_minor_cross
D:3:      layout_loops_corners, minitemple, kiku_gazebo_garden_becter,
          shapermc_ecumenical_altar_mp_vishouse
D:4:      layout_basic, mainiacjoe_overflow_small_starburst, uniq_eustachio

Skill      XL: |  1  2  3 |
---------------+----------+-----
Dodging        | 3 5 |  5.4
Earth Magic    | 3 4 |  4.2
Stealth        | |  2.6
Spellcasting   | |  2.0
Transmutations | |  1.1

Action                   |  1- 3 |  4- 6 || total
-------------------------+-------+-------++-------
Melee: Unarmed           |     2 |       ||     2
 Cast: Sandblast         |    50 |    18 ||    68
Armor: Skin              |     3 |       ||     3
Dodge: Dodged            |    26 |    10 ||    36

Table legend: (Time is in decaauts)
 A = Elapsed time spent in this place.
 B = Non-inter-level travel time spent in this place.
 C = Inter-level travel time spent in this place.
 D = Time resting spent in this place.
 E = Time spent auto-exploring this place.
 F = Levels seen in this place.
 G = Mean time per level.
                   A        B        C        D        E       F      G
               +--------+--------+--------+--------+--------+-----+--------+
         Total |   1690 |   1531 |    159 |     29 |   1146 |   4 |  422.5 |
       Dungeon |   1690 |   1531 |    159 |     29 |   1146 |   4 |  422.5 |
               +--------+--------+--------+--------+--------+-----+--------+

Top non-repeatable levels by time:
     D:4: 939 daAuts
     D:1: 392 daAuts
     D:3: 278 daAuts
     D:2: 79 daAuts
